 Dungeon Crawl Stone Soup version 0.30-a0-1123-gabc949cf19 (webtiles) character file.

Game seed: 5597888685688632104

6329 Arzdou the Destroyer (level 10, -6/78 HPs)
             Began as a Green Draconian Conjurer on Apr 22, 2023.
             Was an Initiate of Qazlal.
             Mangled by a yak (15 damage)
             ... on level 10 of the Dungeon.
             The game lasted 00:27:56 (11116 turns).

Arzdou the Destroyer (Green Draconian Conjurer)    Turns: 11116, Time: 00:27:58

Health: -6/78      AC:  1    Str: 10    XL:     10   Next: 64%
Magic:  20/21      EV: 12    Int: 28    God:    Qazlal [......]
Gold:   578        SH:  0    Dex: 10    Spells: 9/24 levels left

rFire   . . .        C - +6 sling of Eternal Vigilance {drain, Will+}
rCold   . . .        (no shield)
rNeg    . . .        (body armour unavailable)
rPois   +            (helmet restricted)
rElec   .            E - +1 cloak
rCorr   .            (no gloves)
SInv    .            (no boots)
Will    +....        s - amulet of regeneration
Stlth   ++           B - +6 ring of intelligence
HPRegen 1.13/turn    G - +4 ring of protection
MPRegen 0.17/turn

%: no passive effects
@: corroded, very slightly contaminated
A: breathe noxious fumes, AC +7, unfitting armour, poison resistance,
cold-blooded
a: Breathe Noxious Fumes, Renounce Religion


You were on level 10 of the Dungeon.
You worshipped Qazlal.
Qazlal was noncommittal.
You visited 2 branches of the dungeon, and saw 11 of its levels.
You also visited: Sewer.

You collected 578 gold pieces.

Inventory:

Hand Weapons
 b - a +0 sling
 C - the +6 sling of Eternal Vigilance (weapon) {drain, Will+}
   (You took it off an orc on level 5 of the Dungeon)

   Will:      It increases your willpower.
Armour
 y - a +0 buckler
 E - a +1 cloak (worn)
Jewellery
 s - an amulet of regeneration (around neck)
 z - a ring of resist corrosion
 A - a ring of protection from cold
 B - a +6 ring of intelligence (left hand)
 G - a +4 ring of protection (right hand)
Wands
 e - a wand of charming (14)
 F - a wand of roots (14)
Scrolls
 d - a scroll of teleportation
 i - a scroll of silence
 j - 2 scrolls of amnesia {unknown}
 k - 7 scrolls of magic mapping
 m - a scroll of enchant armour {unknown}
 p - a scroll of noise {unknown}
 q - 2 scrolls of vulnerability {unknown}
 t - a scroll of brand weapon {unknown}
 u - 2 scrolls of blinking
 w - 2 scrolls of fear
 x - a scroll of poison {unknown}
 D - a scroll of immolation {unknown}
 H - a scroll of torment {unknown}
Potions
 a - 2 potions of magic
 c - a potion of invisibility
 f - a potion of ambrosia
 g - 2 potions of cancellation
 h - 6 potions of flight
 l - a potion of attraction
 n - 7 potions of might
 o - 2 potions of heal wounds
 r - 4 potions of curing
 v - a potion of degeneration {unknown}
 I - a potion of mutation {unknown}
 J - a potion of resistance {unknown}


   Skills:
 + Level 4.0 Fighting
 + Level 7.0 Ranged Weapons
 + Level 4.0 Dodging
 + Level 3.0 Stealth
 * Level 7.8 Spellcasting
 * Level 8.1 Conjurations
 * Level 3.0 Fire Magic
 + Level 3.4 Air Magic
 + Level 5.7 Poison Magic


You had 9 spell levels left.
You knew the following spells:

 Your Spells              Type           Power      Damage    Failure   Level
a - Magic Dart            Conj           100%       1d8       1%          1
b - Searing Ray           Conj           100%       2d8       1%          2
c - Poisonous Vapours     Pois/Air       72%        N/A       1%          2
d - Mephitic Cloud        Conj/Pois/Air  43%        N/A       1%          3
e - Flame Wave            Conj/Fire      42%        2d11      4%          4
f - Volatile Blastmotes   Fire/Tloc      38%        2d13      9%          3

Your spell library contained the following spells:

 Spells                   Type           Power      Damage    Failure   Level
 Static Discharge         Conj/Air       86%        2-6/arc   1%          2
 Dazzling Flash           Conj/Hex       66%        N/A       2%          3
 Hailstorm                Conj/Ice       33%        3d8       2%          3
 Freeze                   Ice            40%        1d6       4%          1
 Sticky Flame             Conj/Fire      42%        2d6       4%          4
 Iskenderun's Battlesphe  Conj           54%        2d10      4%          5
 Inner Flame              Hex/Fire       19%        N/A       9%          3
 Fulminant Prism          Conj/Hex       16%        3d10      10%         4
 Iskenderun's Mystic Bla  Conj/Tloc      33%        2d8       10%         4
 Airstrike                Air            15%        2d(3-19)  12%         4
 Arcjolt                  Conj/Air       21%        1d31      13%         5
 Fireball                 Conj/Fire      21%        3d10      14%         5
 Frozen Ramparts          Ice            20%        1d4       16%         3
 Gell's Gravitas          Tloc           10%        N/A       16%         3
 Portal Projectile        Hex/Tloc       20%        N/A       16%         3
 Summon Guardian Golem    Hex/Summ       10%        N/A       16%         3
 Teleport Other           Tloc           10%        N/A       16%         3
 Summon Lightning Spire   Summ/Air       20%        N/A       24%         4
 Freezing Cloud           Conj/Ice/Air   16%        6-21      28%         5
 Anguish                  Hex/Necr       5%         N/A       45%         4
 Manifold Assault         Tloc           10%        N/A       45%         4
 Conjure Ball Lightning   Conj/Air       21%        3x3d6     56%         6
 Starburst                Conj/Fire      21%        6d7       61%         6
 Orb of Destruction       Conj           27%        9d9       83%         7
 Dispersal                Tloc           5%         N/A       100%        6
 Enfeeble                 Hex            5%         N/A       100%        7
 Disjunction              Tloc           5%         N/A       100%        8


Dungeon Overview and Level Annotations

Branches:
Dungeon (10/15)            Temple (1/1) D:7            Lair (0/5) D:9
  Sewer (visited)
    Orc: D:9-12

Altars:
Ashenzari
Cheibriados
Dithmenos
Elyvilon
Fedhas
Gozag
Hepliaklqana
Kikubaaqudgha
Makhleb
Nemelex Xobeh
Okawaru
Qazlal
Ru
Sif Muna
Trog
Uskayaw
Vehumet
Wu Jian
Xom
Yredelemnul
Zin
The Shining One

Shops:
D:5 =   D:6 ?(

Annotations:
D:3 3 runed translucent doors, bmj180's ghost, amateur HOFE
D:9 Erolcha


Innate Abilities, Weirdness & Mutations

You can breathe blasts of noxious fumes.
Your lurid green scales are hard. (AC +7)
You cannot fit into any form of body armour.
Your system is resistant to poisons. (rPois)
You are cold-blooded and may be slowed by cold attacks.


Message History

The tengu conjurer mumbles some strange words.
The tengu conjurer conjures a globe of magical energy!
A battlesphere comes into view.
Casting: Magic Dart (safe; 1% risk of failure)
Confirm with . or Enter, or press ? or * to list all spells.
Aiming: Searing Ray (safe; 1% risk of failure)
Press: ? - help, Shift-Dir - straight line, f/p - acid dragon
Aim: an acid dragon (severely wounded, heavily drained, 83% to hit)
You miscast Searing Ray.
You are very lightly contaminated with residual magic.
Nothing appears to happen.
A yak comes into view.
The acid dragon spits acid at you. The splash of acid hits you!
The acid corrodes you!
You hear a bellow! x2
A yak comes into view.
A yak comes into view.
The acid dragon bites you. The acid dragon closely misses you.
The acid dragon attacks as you move away!
The acid dragon bites you. The acid dragon misses you.
The tengu conjurer attacks as you move away!
The tengu conjurer hits you but does no damage.
The tengu conjurer pecks you.
The tengu conjurer claws you but does no damage.
The tengu conjurer gestures at you while chanting.
The bolt of lightning hits you!!
You hear a bellow!
The acid dragon spits acid at you. The splash of acid hits you!
* * * LOW HITPOINT WARNING * * *
The acid corrodes you!
You hear a bellow!
The tengu conjurer attacks as you move away!
The tengu conjurer hits you.
* * * LOW HITPOINT WARNING * * *
The tengu conjurer pecks you.
* * * LOW HITPOINT WARNING * * *
The tengu conjurer claws you but does no damage.
The yak gores you!
You die...

#.<).......#
#..........#
######'##### #.# #.# #
#[## ######'## #..#
#........
#######.######*.......
#.......[@*Q#...:.....
#.........Y.........).
#...........D#........
#........Y...#.......)
#........Y..##........
#........Y..##........
#...........########'.
#######..#### .. ##.


You could see 4 yaks, a tengu conjurer, an acid dragon (very drained) and a
battlesphere (distracted).

Vanquished Creatures
  2 two-headed ogres
  A sixfirhy (D:9)
  Joseph (D:7)
  A komodo dragon (D:9)
  The ghost of caveywoolpert the Digger, an amateur GrEE (D:4)
  A wyvern (D:8)
  7 yaks
  Eustachio (D:4)
  2 orc warriors
  4 water moccasins
  A black bear (Temple)
  An ogre (D:4)
  A centaur (D:9)
  Blork the orc (D:4)
  5 bullfrogs
  A scorpion (D:4)
  A gnoll sergeant (D:8)
  4 howler monkeys
  An electric eel (D:7)
  3 jellies
  6 orc priests
  Crazy Yiuf (D:5)
  3 hounds
  2 iguanas
  Ijyb (D:4)
  A sleepcap (D:8)
  10 orc wizards
  A malarious merfolk avatar (Sewer)
  A sickly merfolk siren (Sewer)
  3 gnolls (D:8)
  11 adders
  3 river rats (Sewer)
  A shadow imp (D:8)
  A white imp (D:8)
  4 ufetubi
  4 worms
  5 dart slugs
  25 orcs
  4 endoplasms
  10 giant cockroaches
  9 goblins
  7 hobgoblins
  6 jackals (D:1)
  9 kobolds
  5 quokkas
  10 ball pythons
  5 bats
  8 frilled lizards
  27 rats
223 creatures vanquished.

Vanquished Creatures (others)
  2 demonic plants (D:9)
  4 plants (D:9)
  A withered plant (D:4)
7 creatures vanquished.

Grand Total: 230 creatures vanquished

Notes
Turn   | Place    | Note
-------+----------+-------------------------------------------
     0 | D:1      | Arzdou the Draconian Conjurer began the quest for the Orb.
     0 | D:1      | Reached XP level 1. HP: 14/14 MP: 3/3
   186 | D:1      | Reached XP level 2. HP: 20/20 MP: 3/5
   538 | D:1      | Found a faded altar of an unknown god.
   659 | D:1      | Reached XP level 3. HP: 25/26 MP: 3/6
  1207 | D:2      | Reached skill level 1 in Ranged Weapons
  1424 | D:2      | Learned a level 2 spell: Searing Ray
  1809 | D:2      | Reached skill level 1 in Fighting
  1851 | D:2      | Reached XP level 4. HP: 35/35 MP: 5/7
  2868 | D:3      | Found a runed translucent gate.
  2868 | D:3      | Noticed bmj180's ghost (amateur HOFE)
  2869 | D:3      | Found a runed translucent gate.
  2869 | D:3      | Identified the +0 leather armour "Noam" {Harm Fly Will-
                  | Dex+8}
  2870 | D:3      | Found a runed translucent gate.
  3234 | D:4      | Found a glowing drain.
  3241 | D:4      | Reached skill level 5 in Conjurations
  3254 | D:4      | Reached XP level 5. HP: 31/40 MP: 1/8
  3401 | Sewer    | Entered a sewer
  4034 | Sewer    | Reached XP level 6. HP: 46/47 MP: 1/10
  4279 | D:4      | Noticed Eustachio
  4370 | D:4      | Found an ancient bone altar of Kikubaaqudgha.
  4522 | D:4      | Noticed Ijyb
  4532 | D:4      | Noticed a water moccasin
  4558 | D:4      | Killed Ijyb
  4558 | D:4      | Killed a water moccasin
  4749 | D:4      | Noticed Blork the orc
  4846 | D:4      | Killed Blork the orc
  4847 | D:4      | Your scales start taking on a lurid green colour.
  4847 | D:4      | Reached XP level 7. HP: 53/53 MP: 8/11
  4847 | D:4      | Gained mutation: Your system is resistant to poisons.
                  | (rPois) [Green Draconian growth]
  4905 | D:4      | Reached skill level 1 in Poison Magic
  5084 | D:4      | Killed Eustachio
  5209 | D:4      | Found a runed translucent door.
  5209 | D:4      | Noticed caveywoolpert's ghost (amateur GrEE)
  5376 | D:4      | Killed caveywoolpert's ghost
  5377 | D:4      | Reached skill level 6 in Conjurations
  5522 | D:5      | Entered Level 5 of the Dungeon
  5536 | D:5      | Learned a level 2 spell: Poisonous Vapours
  5540 | D:5      | Learned a level 3 spell: Mephitic Cloud
  5663 | D:5      | Reached XP level 8. HP: 61/61 MP: 0/13
  5862 | D:5      | Found Ipukk's Jewellery Shop.
  6133 | D:6      | Reached skill level 5 in Ranged Weapons
  6334 | D:6      | Found Culiys's Antique Weapon Emporium.
  6389 | D:6      | Identified the staff of earth "Utaho" {rElec rN+ Will-}
  6656 | D:6      | Found Qinkufan's Magic Scroll Emporium.
  7131 | D:5      | Reached skill level 5 in Spellcasting
  7255 | D:5      | Found a runed translucent door.
  7256 | D:5      | Noticed Crazy Yiuf
  7312 | D:5      | Identified the +6 sling of Eternal Vigilance {drain, Will+}
  7328 | D:5      | Reached XP level 9. HP: 34/58 MP: 3/16
  7496 | D:5      | Reached skill level 7 in Conjurations
  7699 | D:5      | Killed Crazy Yiuf
  8492 | D:7      | Noticed Joseph
  8507 | D:7      | Killed Joseph
  8508 | D:7      | Reached skill level 1 in Air Magic
  8508 | D:7      | Reached skill level 5 in Poison Magic
  8508 | D:7      | Found a staircase to the Ecumenical Temple.
  8641 | Temple   | Entered the Ecumenical Temple
  8764 | Temple   | Became a worshipper of Qazlal Stormbringer
  9095 | D:8      | Reached skill level 1 in Fire Magic
  9427 | D:8      | Noticed a two-headed ogre
  9449 | D:8      | Killed a two-headed ogre
  9450 | D:8      | Reached XP level 10. HP: 47/78 MP: 3/20
  9571 | D:8      | Got the Omnibus of Alluring Thunder
  9831 | D:8      | Learned a level 4 spell: Flame Wave
  9835 | D:8      | Learned a level 3 spell: Volatile Blastmotes
  9963 | D:9      | Found a staircase to the Lair.
 10097 | D:9      | Noticed a two-headed ogre
 10286 | D:9      | Killed a two-headed ogre
 10287 | D:9      | Reached skill level 8 in Conjurations
 10753 | D:9      | Noticed a cyclops
 10764 | D:9      | Noticed a sixfirhy
 10781 | D:10     | Entered Level 10 of the Dungeon
 10986 | D:9      | Killed a sixfirhy
 10994 | D:9      | Noticed Erolcha
 11116 | D:10     | Mangled by a yak

Illustrated notes

Levels and vault maps discovered:
D:1:      dpeg_arrival_line_fractal, layout_basic,
          shapermc_ecumenical_altar_ellora
D:2:      layout_rooms, dk_noncrumbling_3, kennysheep_pointless_box,
          minmay_3d_cube
D:3:      layout_loops_corners, biasface_ghost_orc_armoury, minmay_door_square,
          minivault_4
D:4:      layout_rooms, nicolae_overflow_crystal_walls, gammafunk_ghost_grave,
          gup_sewer_entry_glass, uniq_blork_the_orc, uniq_ijyb, uniq_eustachio
D:5:      layout_basic, serial_shops, nicolae_shop_gaudy_bauble,
          uniq_crazy_yiuf_cottage
D:6:      layout_basic, serial_shops, nicolae_shop_hallway_stairs,
          shop_fountains, hex_large
D:7:      layout_basic, minmay_temple_entry_sparse_star,
          nicolae_kite_square_tiling_tiny, minmay_stone_trees_small, uniq_joseph
D:8:      layout_loops_cross
D:9:      layout_irregular_city, david_lair_shrubbed, serial_demonic,
          serial_demonic_b, serial_demonic_g, serial_demonic_e,
          serial_demonic_f, grunt_tough_drop, uniq_erolcha
D:10:     layout_roguey, grunt_ministairs_7, minmay_bent
Temple:   kilobyte_greek_temple

Skill      XL: |  1  2  3  4  5  6  7  8  9 10 |
---------------+-------------------------------+-----
Ranged Weapons | 1 2 3 4 5 6 7 |  7.0
Fighting       | 1 2 3 4 |  4.0
Conjurations   | 5 6 7 8 |  8.1
Dodging        | 2 3 4 |  4.0
Stealth        | 2 3 |  3.0
Spellcasting   | 3 5 6 7 |  7.8
Poison Magic   | 2 4 5 |  5.7
Air Magic      | 1 3 |  3.4
Fire Magic     | 1 3 |  3.0

Action                     |  1- 3 |  4- 6 |  7- 9 | 10-12 || total
---------------------------+-------+-------+-------+-------++-------
   Fire: Sling             |    49 |   112 |   110 |    27 ||   298
   Cast: Magic Dart        |    78 |    88 |    76 |     8 ||   250
         Searing Ray       |       |    20 |    42 |    20 ||    82
         Poisonous Vapours |       |       |    12 |    38 ||    50
         Mephitic Cloud    |       |       |     3 |     6 ||     9
Ability: Breathe Noxious F |       |       |     1 |       ||     1
    Use: Scroll            |       |     7 |     6 |       ||    13
         Potion            |       |     1 |       |       ||     1
 Armour: Skin              |    10 |    42 |    64 |    28 ||   144
  Dodge: Dodged            |    12 |    93 |   102 |    32 ||   239

Table legend: (Time is in decaauts)
 A = Elapsed time spent in this place.
 B = Non-inter-level travel time spent in this place.
 C = Inter-level travel time spent in this place.
 D = Time resting spent in this place.
 E = Time spent auto-exploring this place.
 F = Levels seen in this place.
 G = Mean time per level.
                   A        B        C        D        E       F      G
               +--------+--------+--------+--------+--------+-----+--------+
         Total |  11231 |  10919 |    312 |     88 |   9076 |  12 |  935.9 |
       Dungeon |  10104 |   9798 |    306 |     88 |   8207 |  10 | 1010.4 |
        Temple |    213 |    207 |      6 |      0 |    173 |   1 |  213.0 |
         Sewer |    913 |    913 |      0 |      0 |    696 |   1 |  913.0 |
               +--------+--------+--------+--------+--------+-----+--------+

Top non-repeatable levels by time:
     D:4: 1385 daAuts
     D:3: 1300 daAuts
     D:5: 1263 daAuts
     D:1: 1204 daAuts
     D:9: 1033 daAuts
     D:6: 1028 daAuts
     D:8: 974 daAuts
     D:7: 939 daAuts
   Sewer: 913 daAuts
     D:2: 819 daAuts
  Temple: 213 daAuts
    D:10: 155 daAuts
